 Dungeon Crawl Stone Soup version 0.29.1 (webtiles) character file.

Game seed: 10342393636441112911

9660 qw the Severer (level 11, -10/145 HPs)
             Began as a Minotaur Berserker on Sept 13, 2022.
             Was a Priest of Trog.
             Mangled by a four-headed hydra (13 damage)
             ... on level 11 of the Dungeon.
             The game lasted 00:04:08 (11801 turns).

qw the Severer (Minotaur Berserker)                Turns: 11801, Time: 00:04:08

Health: -10/145    AC: 14    Str: 26    XL:     11   Next: 26%
Magic:  10/10      EV: 17    Int:  9    God:    Trog [***...]
Gold:   405        SH:  5    Dex: 13    Spells: 10/10 levels left

rFire   . . .      SeeInvis +   b - +0 morningstar
rCold   . . .      Faith    .   h - +0 buckler
rNeg    + . .      Spirit   .   a - +5 ring mail of Fashionability {rN+ Int+7 Dex-3 SInv}
rPois   .          Reflect  .   (helmet restricted)
rElec   .          Harm     .   u - +0 cloak
rCorr   .          Rampage  .   (no gloves)
Will    +....                   i - +0 pair of boots
Stlth   ..........              q - amulet of regeneration
HPRegen 1.14/turn               k - +6 ring of dexterity
MPRegen 0.12/turn               o - +4 ring of evasion

@: berserking, very quick
A: horns 2, retaliatory headbutt, talons 1, dopey 1, strong-willed 1
a: Renounce Religion, Berserk, Trog's Hand


You were on level 11 of the Dungeon.
You worshipped Trog.
Trog was most pleased with you.
You visited 1 branch of the dungeon, and saw 11 of its levels.

You collected 1395 gold pieces.
You spent 990 gold pieces at shops.


Innate Abilities, Weirdness & Mutations

You have a pair of horns on your head.
You reflexively headbutt those who attack you in melee.
You have sharp toenails.
You are dopey. (Int -2)
You are strong-willed. (Will+)


   Skills:
 - Level 9.6 Fighting
 + Level 16.0 Axes
 - Level 2.1 Throwing
 - Level 6.4 Armour
 - Level 5.6 Dodging
 - Level 6.0 Shields


You had 10 spell levels left.
You didn't know any spells.
Your spell library was empty.

Inventory:

Hand Weapons
 b - a +0 morningstar (weapon)
 Y - a +0 broad axe
Missiles
 m - a silver boomerang (quivered)
 t - 3 boomerangs
Armour
 a - the +5 ring mail of Fashionability (worn) {rN+ Int+7 Dex-3 SInv}
   (You found it on level 5 of the Dungeon)

   Int:       It affects your intelligence (+7).
   Dex:       It affects your dexterity (-3).
   rN:        It protects you from negative energy.
   SInv:      It lets you see invisible.
 h - a +0 buckler (worn)
 i - a +0 pair of boots (worn)
 n - a +0 plate armour
 u - a +0 cloak (worn)
Jewellery
 k - a +6 ring of dexterity (left hand)
 o - a +4 ring of evasion (right hand)
 q - an amulet of regeneration (around neck)
Scrolls
 g - 2 scrolls of identify
 j - 7 scrolls of teleportation
Potions
 c - a potion of cancellation
 d - a potion of haste
 e - 2 potions of mutation
 f - a potion of curing
 p - 2 potions of might
 r - 2 potions of heal wounds

Dungeon Overview and Level Annotations

Branches:
Dungeon (11/15)            Temple (0/1) D:6
   Lair: D:8-11         Orc: D:9-12

Altars:
Ashenzari
Cheibriados
Fedhas
Kikubaaqudgha
Okawaru
Qazlal
Ru
Sif Muna
Uskayaw
Yredelemnul

Shops:
D:1 *   D:10 =

Annotations:
D:8 3 runed translucent doors, qw's ghost, novice MiBe


Message History

Your black bear barely misses the orc priest.
Your black bear claws the orc priest but does no damage.
The orc warrior barely misses you. You furiously retaliate!
You headbutt the orc warrior! You bludgeon the orc warrior!!
You feel the power of Trog in you as your rage grows.
You kill the orc warrior!
Trog accepts your kill.
Your black bear bites the orc priest.
Your black bear barely misses the orc priest.
Your black bear closely misses the orc priest.
The orc wizard barely misses you.
The orc priest barely misses your black bear.
The four-headed hydra misses you.
The four-headed hydra bites you but does no damage.
The four-headed hydra completely misses you.
The four-headed hydra barely misses you.
You impale the orc wizard!!
You kill the orc wizard!
Trog accepts your kill.
Trog appreciates your killing of a magic user.
Your black bear bites the orc priest!
The orc priest dies!
Trog accepts your kill.
You hit the four-headed hydra.
The four-headed hydra is lightly wounded.
Your black bear rages.
The four-headed hydra bites you but does no damage.
The four-headed hydra bites you!
You block the four-headed hydra's attack.
The four-headed hydra bites you but does no damage.
You impale the four-headed hydra!!
Your headbutt misses the four-headed hydra.
The four-headed hydra is moderately wounded.
Your black bear bites the four-headed hydra.
Your black bear claws the four-headed hydra.
Your black bear barely misses the four-headed hydra.
The orc priest calls down the wrath of Beogh upon you.
Beogh smites you! The four-headed hydra bites you!
You die...

......
#..~~##
#..~~.#
#..~~o+####
#..~8~~~~~~
+..8~~~~~~~
#>)).......
#..@D#
#..h.#
#....#
#....#
#....#
#.<..#
#....#
#....#
#....#


You could see a four-headed hydra (ally target), an orc priest and a friendly
black bear (summoned, berserk).

Vanquished Creatures
  A two-headed ogre (D:9)
  Pikel (D:5)
  2 kobold demonologists (D:9)
  An unseen horror zombie (D:8)
  2 shadows
  A wyvern (D:8)
  11 yaks
  4 steam dragons (D:8)
  Edmund (D:5)
  2 water moccasins (D:5)
  Duvessa (D:4)
  5 orc warriors
  A sky beast (D:6)
  3 ice beasts
  4 black bears
  7 ogres
  5 centaurs
  3 phantoms
  A kobold brigand (D:9)
  2 scorpions
  2 necrophages (D:5)
  A wyvern zombie (D:8)
  6 bullfrogs
  A wight (D:5)
  Dowan (D:4)
  3 killer bees (D:9)
  2 howler monkeys (D:10)
  A centaur zombie (D:5)
  2 bullfrog zombies (D:5)
  7 hounds
  A jelly (D:6)
  A human zombie (D:5)
  11 orc priests
  A gnoll bouda (D:6)
  5 orc wizards
  6 iguanas
  A scorpion zombie (D:5)
  2 mummies (D:5)
  Robin (D:4)
  2 howler monkey zombies (D:5)
  10 adders
  10 gnolls
  A shadow imp (D:6)
  2 white imps
  3 ufetubi
  4 worms
  2 dart slugs
  38 orcs
  5 bats
  7 endoplasms
  3 giant cockroaches
  11 hobgoblins
  13 jackals
  6 quokkas
  2 ball pythons (D:2)
  2 frilled lizards
  13 goblins
  8 kobolds
  6 rats
261 creatures vanquished.

Vanquished Creatures (collateral kills)
  An orc priest (D:11)
1 creature vanquished.

Grand Total: 262 creatures vanquished

Notes
Turn   | Place    | Note
-------+----------+-------------------------------------------
     0 | D:1      | qw the Minotaur Berserker began the quest for the Orb.
     0 | D:1      | Reached XP level 1. HP: 19/19 MP: 0/0
     0 | D:1      | 0 ||| qw: Version: 0.1-a-119-g272c26d
     0 | D:1      | 0 ||| qw: Game counter: 11225
     0 | D:1      | 0 ||| qw: Always use a shield: true
     0 | D:1      | 0 ||| qw: Do Orc after D:15 true
     0 | D:1      | 0 ||| qw: Do second Lair branch before Depths: true
     0 | D:1      | 0 ||| qw: Lair rune preference: random
     0 | D:1      | 0 ||| qw: Plans: Normal
     0 | D:1      | 0 ||| PLANNING D:1-11
    89 | D:1      | Reached skill level 4 in Axes
    97 | D:1      | Reached XP level 2. HP: 17/26 MP: 1/1
   133 | D:1      | 133 ||| Stepping ~*~*~tactically~*~*~ (stealth).
   134 | D:1      | 134 ||| Stepping ~*~*~tactically~*~*~ (stealth).
   138 | D:1      | 138 ||| Stepping ~*~*~tactically~*~*~ (stealth).
   145 | D:1      | 145 ||| Stepping ~*~*~tactically~*~*~ (stealth).
   146 | D:1      | 146 ||| Stepping ~*~*~tactically~*~*~ (stealth).
   147 | D:1      | 147 ||| Stepping ~*~*~tactically~*~*~ (stealth).
   148 | D:1      | 148 ||| Stepping ~*~*~tactically~*~*~ (stealth).
   150 | D:1      | 150 ||| Stepping ~*~*~tactically~*~*~ (stealth).
   154 | D:1      | 154 ||| Stepping ~*~*~tactically~*~*~ (stealth).
   155 | D:1      | 155 ||| Stepping ~*~*~tactically~*~*~ (stealth).
   156 | D:1      | 156 ||| Stepping ~*~*~tactically~*~*~ (stealth).
   158 | D:1      | 158 ||| Stepping ~*~*~tactically~*~*~ (stealth).
   171 | D:1      | 171 ||| Stepping ~*~*~tactically~*~*~ (stealth).
   178 | D:1      | 178 ||| Stepping ~*~*~tactically~*~*~ (stealth).
   501 | D:1      | Found Umuge's General Store.
   506 | D:1      | 506 ||| SHOPLISTING potion of curing (39 gold, have 4).
   506 | D:1      | 506 ||| SHOPLISTING scroll of teleportation (39 gold, have
                  | 4).
   637 | D:1      | 637 ||| Stepping ~*~*~tactically~*~*~ (stealth).
   639 | D:1      | 639 ||| Stepping ~*~*~tactically~*~*~ (stealth).
   646 | D:1      | Reached skill level 5 in Axes
   670 | D:1      | 670 ||| Stepping ~*~*~tactically~*~*~ (stealth).
   676 | D:1      | 676 ||| Stepping ~*~*~tactically~*~*~ (stealth).
   681 | D:1      | Reached XP level 3. HP: 28/31 MP: 2/2
   855 | D:1      | Reached ** piety under Trog
  1154 | D:1      | 1154 ||| READING scroll labelled AFYNLE URAMEH.
  1155 | D:1      | 1155 ||| READING scroll labelled ENUNYC PARAY.
  1156 | D:1      | 1156 ||| READING scroll labelled EBLIOKL DUNOATS.
  1183 | D:2      | 1183 ||| INVOKING Berserk.
  1205 | D:2      | 1205 ||| FLEEEEING.
  1209 | D:2      | 1209 ||| STAIRDANCE
  1258 | D:2      | Found a snail-covered altar of Cheibriados.
  1424 | D:2      | 1424 ||| Stepping ~*~*~tactically~*~*~ (stealth).
  1426 | D:2      | 1426 ||| Stepping ~*~*~tactically~*~*~ (stealth).
  1932 | D:2      | 1932 ||| Stepping ~*~*~tactically~*~*~ (hiding).
  2034 | D:2      | 2034 ||| Stepping ~*~*~tactically~*~*~ (hiding).
  2038 | D:2      | 2038 ||| INVOKING Berserk.
  2041 | D:2      | Reached skill level 6 in Axes
  2041 | D:2      | Reached XP level 4. HP: 39/39 MP: 3/3
  2056 | D:2      | HP: 9/39 [gnoll/+0 spear (4)]
  2333 | D:2      | 2333 ||| UPGRADING to +0 buckler.
  2338 | D:2      | 2338 ||| READING scroll labelled BUUMPU APPOOR.
  2339 | D:2      | 2339 ||| READING scroll labelled AXOOMOE ONGEM.
  2339 | D:2      | Identified a scroll of acquirement
  2339 | D:2      | 2339 ||| ACQUIRING 796 gold pieces
  2339 | D:2      | Acquired 796 gold pieces
  2341 | D:2      | 2341 ||| READING scroll labelled VUCSEZ ONISKUM.
  2342 | D:2      | 2342 ||| READING 3 scrolls labelled SOEREY PEMIU.
  2347 | D:2      | 2347 ||| DRINKING 2 yellow potions.
  2469 | D:3      | Reached skill level 1 in Shields
  2469 | D:3      | 2469 ||| FLEEEEING.
  2470 | D:3      | 2470 ||| FLEEEEING.
  2471 | D:3      | 2471 ||| FLEEEEING.
  2472 | D:3      | 2472 ||| FLEEEEING.
  2473 | D:3      | 2473 ||| FLEEEEING.
  2474 | D:3      | 2474 ||| FLEEEEING.
  2475 | D:3      | 2475 ||| FLEEEEING.
  2481 | D:3      | 2481 ||| STAIRDANCE
  2549 | D:2      | 2549 ||| UPGRADING to +0 scale mail.
  2559 | D:2      | 2559 ||| DROPPING +0 animal skin.
  2560 | D:2      | 2560 ||| READING scroll labelled LON BOUSCHUE.
  2581 | D:3      | 2581 ||| READING scroll of brand weapon.
  2581 | D:3      | 2581 ||| BRANDING +0 hand axe of venom.
  2588 | D:3      | 2588 ||| Stepping ~*~*~tactically~*~*~ (stealth).
  2757 | D:3      | Found a faded altar of an unknown god.
  2800 | D:3      | 2800 ||| Stepping ~*~*~tactically~*~*~ (stealth).
  2823 | D:3      | Reached XP level 5. HP: 41/45 MP: 4/4
  2958 | D:3      | 2958 ||| DROPPING amulet of faith.
  2959 | D:3      | 2959 ||| UPGRADING to +6 ring of dexterity.
  2960 | D:3      | 2960 ||| READING 2 scrolls labelled QALARA OSSOGRO.
  2961 | D:3      | 2961 ||| READING scroll of enchant weapon.
  2961 | D:3      | 2961 ||| ENCHANTING +1 hand axe of freezing.
  2976 | D:4      | Identified the +2 helmet of the Archfiend {rPois Int+5}
  2976 | D:4      | Noticed Robin
  2987 | D:4      | 2987 ||| INVOKING Berserk.
  2990 | D:4      | Killed Robin
  3066 | D:4      | 3066 ||| INVOKING Berserk.
  3069 | D:4      | Reached skill level 7 in Axes
  3072 | D:4      | Reached *** piety under Trog
  3120 | D:4      | Noticed an ogre
  3121 | D:4      | 3121 ||| FLEEEEING.
  3122 | D:4      | 3122 ||| FLEEEEING.
  3127 | D:4      | 3127 ||| FLEEEEING.
  3128 | D:4      | 3128 ||| FLEEEEING.
  3129 | D:4      | 3129 ||| FLEEEEING.
  3133 | D:4      | 3133 ||| INVOKING Berserk.
  3136 | D:4      | Killed an ogre
  3137 | D:4      | Reached XP level 6. HP: 53/53 MP: 5/5
  3230 | D:4      | 3230 ||| DROPPING +0 flail.
  3340 | D:4      | 3340 ||| Stepping ~*~*~tactically~*~*~ (stealth).
  3348 | D:4      | Reached skill level 8 in Axes
  3439 | D:4      | 3439 ||| READING scroll of brand weapon.
  3439 | D:4      | 3439 ||| BRANDING +2 hand axe of freezing.
  3561 | D:4      | Noticed Duvessa
  3564 | D:4      | Noticed Dowan
  3567 | D:4      | 3567 ||| INVOKING Berserk.
  3572 | D:4      | Killed Duvessa
  3581 | D:4      | Killed Dowan
  3582 | D:4      | Reached skill level 9 in Axes
  3582 | D:4      | Reached XP level 7. HP: 60/60 MP: 6/6
  3741 | D:4      | Reached skill level 3 in Shields
  3924 | D:4      | 3924 ||| UPGRADING to +0 chain mail.
  3934 | D:4      | 3934 ||| DROPPING +0 scale mail.
  3935 | D:4      | 3935 ||| READING 2 scrolls of identify.
  3935 | D:4      | 3935 ||| IDENTIFYING brown potion
  3953 | D:5      | Entered Level 5 of the Dungeon
  3966 | D:5      | 3966 ||| STAIRDANCE
  4095 | D:5      | Noticed Pikel
  4098 | D:5      | 4098 ||| Stepping ~*~*~tactically~*~*~ (stealth).
  4099 | D:5      | 4099 ||| INVOKING Berserk.
  4104 | D:5      | Killed Pikel
  4105 | D:5      | Reached skill level 6 in Armour
  4105 | D:5      | Reached XP level 8. HP: 69/69 MP: 7/7
  4113 | D:5      | 4113 ||| FLEEEEING.
  4114 | D:5      | 4114 ||| FLEEEEING.
  4115 | D:5      | 4115 ||| FLEEEEING.
  4116 | D:5      | 4116 ||| FLEEEEING.
  4117 | D:5      | 4117 ||| FLEEEEING.
  4118 | D:5      | 4118 ||| FLEEEEING.
  4119 | D:5      | 4119 ||| STAIRDANCE
  4266 | D:5      | 4266 ||| READING scroll of enchant weapon.
  4266 | D:5      | 4266 ||| ENCHANTING +2 hand axe of venom.
  4281 | D:5      | Identified the +5 ring mail of Fashionability {rN+ Int+7
                  | Dex-3 SInv}
  4309 | D:5      | 4309 ||| INVOKING Berserk.
  4395 | D:5      | Reached skill level 10 in Axes
  4396 | D:5      | 4396 ||| FLEEEEING.
  4397 | D:5      | 4397 ||| FLEEEEING.
  4398 | D:5      | 4398 ||| FLEEEEING.
  4403 | D:5      | 4403 ||| FLEEEEING.
  4404 | D:5      | 4404 ||| FLEEEEING.
  4405 | D:5      | 4405 ||| FLEEEEING.
  4409 | D:5      | 4409 ||| FLEEEEING.
  4420 | D:5      | 4420 ||| Stepping ~*~*~tactically~*~*~ (hiding).
  4423 | D:5      | 4423 ||| Stepping ~*~*~tactically~*~*~ (hiding).
  4425 | D:5      | 4425 ||| INVOKING Berserk.
  4430 | D:5      | Reached skill level 6 in Fighting
  4512 | D:5      | 4512 ||| FLEEEEING.
  4513 | D:5      | 4513 ||| FLEEEEING.
  4514 | D:5      | 4514 ||| FLEEEEING.
  4515 | D:5      | 4515 ||| FLEEEEING.
  4516 | D:5      | 4516 ||| FLEEEEING.
  4517 | D:5      | 4517 ||| FLEEEEING.
  4519 | D:5      | 4519 ||| STAIRDANCE
  4614 | D:4      | 4614 ||| UPGRADING to +5 ring mail of Fashionability {rN+
                  | Int+7 Dex-3 SInv}.
  4661 | D:5      | 4661 ||| SWAPPING to +0 war axe.
  4742 | D:5      | 4742 ||| DROPPING +3 hand axe of venom.
  4834 | D:5      | Reached skill level 3 in Dodging
  4849 | D:5      | Noticed Edmund
  4850 | D:5      | 4850 ||| INVOKING Berserk.
  4858 | D:5      | Killed Edmund
  4994 | D:5      | 4994 ||| INVOKING Berserk.
  4997 | D:5      | Reached skill level 11 in Axes
  5122 | D:5      | Reached XP level 9. HP: 66/75 MP: 8/8
  5196 | D:5      | 5196 ||| READING scroll of enchant weapon.
  5196 | D:5      | 5196 ||| ENCHANTING +0 war axe.
  5429 | D:5      | 5429 ||| INVOKING Berserk.
  5541 | D:5      | Found an ancient bone altar of Kikubaaqudgha.
  5703 | D:5      | Reached skill level 12 in Axes
  5716 | D:5      | 5716 ||| DROPPING +0 chain mail.
  5717 | D:5      | 5717 ||| DRINKING 2 inky potions.
  5718 | D:5      | 5718 ||| READING 2 scrolls of identify.
  5718 | D:5      | 5718 ||| IDENTIFYING lumpy pink potion
  5719 | D:5      | 5719 ||| DROPPING potion of ambrosia.
  5720 | D:5      | 5720 ||| DROPPING potion of degeneration.
  5752 | D:6      | 5752 ||| INVOKING Berserk.
  5755 | D:6      | 5755 ||| STAIRDANCE
  5884 | D:6      | 5884 ||| STAIRDANCE
  5903 | D:6      | 5903 ||| STAIRDANCE
  5905 | D:5      | 5905 ||| INVOKING Berserk.
  6013 | D:6      | 6013 ||| STAIRDANCE
  6056 | D:6      | 6056 ||| INVOKING Berserk.
  6111 | D:6      | 6111 ||| Stepping ~*~*~tactically~*~*~ (stealth).
  6122 | D:6      | 6122 ||| Stepping ~*~*~tactically~*~*~ (hiding).
  6123 | D:6      | 6123 ||| Stepping ~*~*~tactically~*~*~ (hiding).
  6136 | D:6      | 6136 ||| Stepping ~*~*~tactically~*~*~ (stealth).
  6138 | D:6      | 6138 ||| Stepping ~*~*~tactically~*~*~ (hiding).
  6143 | D:6      | 6143 ||| Stepping ~*~*~tactically~*~*~ (hiding).
  6146 | D:6      | 6146 ||| INVOKING Berserk.
  6185 | D:6      | 6185 ||| FLEEEEING.
  6186 | D:6      | 6186 ||| FLEEEEING.
  6187 | D:6      | 6187 ||| FLEEEEING.
  6188 | D:6      | 6188 ||| FLEEEEING.
  6189 | D:6      | 6189 ||| FLEEEEING.
  6190 | D:6      | 6190 ||| FLEEEEING.
  6191 | D:6      | 6191 ||| FLEEEEING.
  6192 | D:6      | 6192 ||| INVOKING Berserk.
  6207 | D:6      | Reached skill level 13 in Axes
  6212 | D:6      | Reached **** piety under Trog
  6221 | D:6      | 6221 ||| Stepping ~*~*~tactically~*~*~ (stealth).
  6238 | D:6      | 6238 ||| FLEEEEING.
  6239 | D:6      | 6239 ||| FLEEEEING.
  6240 | D:6      | 6240 ||| Stepping ~*~*~tactically~*~*~ (stealth).
  6241 | D:6      | 6241 ||| FLEEEEING.
  6242 | D:6      | 6242 ||| INVOKING Berserk.
  6414 | D:6      | 6414 ||| READING scroll of brand weapon.
  6414 | D:6      | 6414 ||| BRANDING +1 war axe.
  6612 | D:6      | 6612 ||| INVOKING Berserk.
  6640 | D:6      | 6640 ||| Stepping ~*~*~tactically~*~*~ (stealth).
  6674 | D:6      | 6674 ||| INVOKING Berserk.
  6696 | D:6      | 6696 ||| Stepping ~*~*~tactically~*~*~ (stealth).
  6697 | D:6      | 6697 ||| Stepping ~*~*~tactically~*~*~ (stealth).
  6881 | D:6      | Found a staircase to the Ecumenical Temple.
  7300 | D:6      | 7300 ||| UPGRADING to +0 pair of boots.
  7305 | D:6      | 7305 ||| DROPPING +6 ring of intelligence.
  7306 | D:6      | 7306 ||| READING scroll labelled BAMONIQICO.
  7307 | D:6      | 7307 ||| DRINKING 2 white potions.
  7346 | D:6      | 7346 ||| DRINKING 2 sapphire potions.
  7347 | D:6      | 7347 ||| READING 4 scrolls of identify.
  7347 | D:6      | 7347 ||| IDENTIFYING grey potion
  7348 | D:6      | 7348 ||| READING 3 scrolls of identify.
  7348 | D:6      | 7348 ||| IDENTIFYING lumpy red potion
  7349 | D:6      | 7349 ||| READING 2 scrolls of identify.
  7349 | D:6      | 7349 ||| IDENTIFYING murky yellow potion
  7350 | D:6      | 7350 ||| DROPPING potion of lignification.
  7351 | D:6      | 7351 ||| DROPPING potion of brilliance.
  7352 | D:6      | 7352 ||| DROPPING potion of flight.
  7353 | D:6      | 7353 ||| DROPPING potion of attraction.
  7581 | D:7      | 7581 ||| Stepping ~*~*~tactically~*~*~ (hiding).
  7582 | D:7      | 7582 ||| Stepping ~*~*~tactically~*~*~ (hiding).
  7586 | D:7      | 7586 ||| INVOKING Berserk.
  7589 | D:7      | Reached XP level 10. HP: 88/88 MP: 9/9
  7759 | D:7      | Found a shimmering blue altar of Sif Muna.
  7760 | D:7      | Found an iron altar of Okawaru.
  7762 | D:7      | Found a sacrificial altar of Ru.
  7762 | D:7      | Found a stormy altar of Qazlal.
  7762 | D:7      | Found a blossoming altar of Fedhas.
  7764 | D:7      | Found a hide-covered altar of Uskayaw.
  7765 | D:7      | Found a broken altar of Ashenzari.
  7985 | D:7      | Identified the +6 hand axe "Sivoj" {vorpal, *Rage *Noise
                  | rPois rN+++}
  7991 | D:7      | 7991 ||| INVOKING Berserk.
  8132 | D:7      | 8132 ||| Stepping ~*~*~tactically~*~*~ (stealth).
  8158 | D:7      | 8158 ||| Stepping ~*~*~tactically~*~*~ (stealth).
  8302 | D:7      | 8302 ||| Stepping ~*~*~tactically~*~*~ (stealth).
  8425 | D:7      | 8425 ||| READING 2 scrolls labelled DOGGIU ZUTA.
  8426 | D:7      | 8426 ||| DROPPING scroll of fog.
  8457 | D:8      | 8457 ||| Stepping ~*~*~tactically~*~*~ (hiding).
  8464 | D:8      | 8464 ||| Stepping ~*~*~tactically~*~*~ (cloud).
  8466 | D:8      | 8466 ||| INVOKING Berserk.
  8470 | D:8      | Reached skill level 14 in Axes
  8490 | D:8      | 8490 ||| Stepping ~*~*~tactically~*~*~ (stealth).
  8494 | D:8      | 8494 ||| STAIRDANCE
  8523 | D:7      | 8523 ||| Stepping ~*~*~tactically~*~*~ (stealth).
  8524 | D:7      | 8524 ||| Stepping ~*~*~tactically~*~*~ (stealth).
  8525 | D:7      | 8525 ||| FLEEEEING.
  8637 | D:7      | 8637 ||| Stepping ~*~*~tactically~*~*~ (stealth).
  8638 | D:7      | 8638 ||| Stepping ~*~*~tactically~*~*~ (stealth).
  8644 | D:7      | 8644 ||| INVOKING Berserk.
  8821 | D:8      | 8821 ||| Stepping ~*~*~tactically~*~*~ (stealth).
  8933 | D:8      | Found a runed translucent gate.
  8933 | D:8      | Found a runed translucent gate.
  8933 | D:8      | Found a runed translucent gate.
  8933 | D:8      | Noticed qw's ghost (novice MiBe)
  8935 | D:8      | 8935 ||| READING scroll labelled KEDETO HICKAAL.
  8936 | D:8      | Found a basalt altar of Yredelemnul.
  9011 | D:8      | Reached skill level 15 in Axes
  9055 | D:8      | 9055 ||| Stepping ~*~*~tactically~*~*~ (hiding).
  9059 | D:8      | 9059 ||| INVOKING Berserk.
  9136 | D:8      | 9136 ||| Stepping ~*~*~tactically~*~*~ (stealth).
  9178 | D:8      | 9178 ||| Stepping ~*~*~tactically~*~*~ (stealth).
  9180 | D:8      | 9180 ||| Stepping ~*~*~tactically~*~*~ (stealth).
  9225 | D:8      | Identified the +1 whip "Death Rattle" {drain, Int+5}
  9391 | D:8      | 9391 ||| INVOKING Berserk.
  9393 | D:8      | Reached skill level 9 in Fighting
  9965 | D:9      | 9965 ||| Stepping ~*~*~tactically~*~*~ (hiding).
  9969 | D:9      | Reached skill level 16 in Axes
 10090 | D:9      | 10090 ||| Stepping ~*~*~tactically~*~*~ (stealth).
 10097 | D:9      | 10097 ||| Stepping ~*~*~tactically~*~*~ (stealth).
 10318 | D:9      | 10318 ||| DRINKING 3 potions of curing.
 10318 | D:9      | 10318 ||| (to cure confusion)
 10319 | D:9      | 10319 ||| DRINKING 2 potions of curing.
 10319 | D:9      | 10319 ||| (to cure confusion)
 10320 | D:9      | 10320 ||| INVOKING Berserk.
 10517 | D:9      | Noticed a two-headed ogre
 10522 | D:9      | 10522 ||| INVOKING Berserk.
 10524 | D:9      | Killed a two-headed ogre
 10525 | D:9      | Reached XP level 11. HP: 97/97 MP: 10/10
 10752 | D:9      | 10752 ||| DROPPING ring of flight.
 10753 | D:9      | 10753 ||| DRINKING 2 silvery potions.
 10753 | D:9      | Gained mutation: You are dopey. (Int -2) [potion of
                  | mutation]
 10753 | D:9      | Gained mutation: You are strong-willed. (Will+) [potion of
                  | mutation]
 10753 | D:9      | Gained mutation: You have sharp toenails. [potion of
                  | mutation]
 10754 | D:9      | 10754 ||| READING 2 scrolls of identify.
 10754 | D:9      | 10754 ||| IDENTIFYING viscous orange potion
 10789 | D:10     | Entered Level 10 of the Dungeon
 10872 | D:10     | 10872 ||| Stepping ~*~*~tactically~*~*~ (hiding).
 10877 | D:10     | 10877 ||| INVOKING Berserk.
 10882 | D:10     | Reached skill level 6 in Shields
 10998 | D:10     | 10998 ||| Stepping ~*~*~tactically~*~*~ (stealth).
 11001 | D:10     | 11001 ||| Stepping ~*~*~tactically~*~*~ (stealth).
 11006 | D:10     | Reached skill level 1 in Throwing
 11026 | D:10     | 11026 ||| FLEEEEING.
 11027 | D:10     | 11027 ||| FLEEEEING.
 11087 | D:10     | Found Fuckue Ucka's Jewellery Shop.
 11096 | D:10     | 11096 ||| BUYING +4 ring of evasion (540 gold).
 11096 | D:10     | Bought a +4 ring of evasion for 540 gold pieces
 11096 | D:10     | 11096 ||| BUYING amulet of regeneration (450 gold).
 11096 | D:10     | Bought an amulet of regeneration for 450 gold pieces
 11096 | D:10     | 11096 ||| SHOPLISTING ring "Ithrich" {rF++ rN+} (667 gold,
                  | have 329).
 11096 | D:10     | 11096 ||| SHOPLISTING ring of fire (375 gold, have 329).
 11096 | D:10     | 11096 ||| SHOPLISTING ring of protection from cold (375
                  | gold, have 329).
 11096 | D:10     | 11096 ||| SHOPLISTING ring of protection from fire (375
                  | gold, have 329).
 11115 | D:10     | 11115 ||| INVOKING Berserk.
 11276 | D:10     | 11276 ||| SWAPPING to +0 broad axe.
 11277 | D:10     | 11277 ||| DROPPING +1 war axe of venom.
 11738 | D:10     | 11738 ||| UPGRADING to +0 cloak.
 11743 | D:10     | 11743 ||| UPGRADING to amulet of regeneration.
 11748 | D:10     | 11748 ||| UPGRADING to +4 ring of evasion.
 11749 | D:10     | 11749 ||| READING scroll labelled QONGAP GUQORRA.
 11784 | D:11     | Noticed a four-headed hydra
 11785 | D:11     | 11785 ||| INVOKING Brothers in Arms.
 11786 | D:11     | 11786 ||| INVOKING Brothers in Arms.
 11787 | D:11     | 11787 ||| INVOKING Brothers in Arms.
 11788 | D:11     | 11788 ||| INVOKING Brothers in Arms.
 11789 | D:11     | 11789 ||| INVOKING Brothers in Arms.
 11790 | D:11     | 11790 ||| INVOKING Brothers in Arms.
 11791 | D:11     | 11791 ||| INVOKING Brothers in Arms.
 11792 | D:11     | 11792 ||| INVOKING Brothers in Arms.
 11793 | D:11     | 11793 ||| SWAPPING to +0 morningstar.
 11794 | D:11     | 11794 ||| INVOKING Berserk.
 11794 | D:11     | HP: 28/145 [four-headed hydra (11)]
 11800 | D:11     | HP: 13/145 [four-headed hydra (8)]
 11801 | D:11     | HP: 3/145 [orc priest/divine providence (11)]
 11801 | D:11     | Mangled by a four-headed hydra

Levels and vault maps discovered:
D:1:      grunt_arrival_lava_bath, layout_loops_cross, serial_shops,
          nicolae_shop_hallway_stairs, hangedman_abyss_or_decor_stabs,
          chequers_serial_rivers_micro_a
D:2:      layout_basic, basic_altar
D:3:      layout_rooms, shapermc_ecumenical_altar_ellora
D:4:      layout_basic, glass_columns_a, uniq_robin, uniq_duvessa
D:5:      kennysheep_spiral_hall, layout_cave_pools,
          lemuel_mausoleum_altar_kikubaaqudgha, uniq_pikel, uniq_edmund
D:6:      layout_basic, minmay_temple_entry_arrows, minmay_alternating_orb
D:7:      layout_rooms, grunt_temple_overflow_open
D:8:      layout_loops_cross, nicolae_yredelemnul_ghost_church, enter_bailey_4,
          minmay_misc_feat_chi
D:9:      layout_small_grid
D:10:     layout_loops_ring, serial_shops, shop
D:11:     lemuel_ice_spiral_2, layout_irregular_city, lair_entry_dummy,
          erik_orc_2

Skill      XL: |  1  2  3  4  5  6  7  8  9 10 11 |
---------------+----------------------------------+-----
Axes           | 4 5 6 7 9 11 13 16 | 16.0
Shields        | 2 3 4 5 6 |  6.0
Fighting       | 4 5 6 8 9 |  9.6
Armour         | 6 |  6.4
Dodging        | 3 4 5 |  5.6
Throwing       | 2 |  2.1

Action                   |  1- 3 |  4- 6 |  7- 9 | 10-12 || total
-------------------------+-------+-------+-------+-------++-------
Melee: Hand axe          |   101 |    86 |    66 |       ||   253
       Headbutt          |    13 |    13 |    43 |    36 ||   105
       Punch             |     2 |       |       |       ||     2
       Unarmed           |       |     8 |     4 |       ||    12
       War axe           |       |       |   187 |   173 ||   360
       Morningstar       |       |       |       |     7 ||     7
Throw: Boomerang         |       |    27 |    14 |       ||    41
Invok: Berserk           |     2 |     4 |    15 |    10 ||    31
       Brothers in Arms  |       |       |       |     1 ||     1
  Use: Scroll            |     3 |     9 |     9 |     4 ||    25
       Potion            |       |     1 |     3 |     3 ||     7
 Stab: Distracted        |       |       |       |     1 ||     1
Armor: Animal skin       |    16 |     2 |       |       ||    18
       Scale mail        |       |     8 |     2 |       ||    10
       Chain mail        |       |       |    12 |       ||    12
       Ring mail         |       |       |    49 |    58 ||   107
Dodge: Dodged            |    55 |    34 |    87 |    80 ||   256
Block: Buckler           |       |     8 |    33 |    39 ||    80

Table legend:
 A = Non-vault XP
 B = Vault XP
 C = Vault XP percentage of total XP
 D = Non-vault monster count
 E = Vault monster count
 F = Vault count percentage of total count
                 A         B        C        D         E       F
            +---------+---------+-------+---------+---------+-------
      Total |   10403 |    3398 |  24.6 |     206 |      56 |  21.4
            +---------+---------+-------+---------+---------+-------
        D:1 |      47 |       0 |   0.0 |      26 |       0 |   0.0
        D:2 |     103 |       0 |   0.0 |      24 |       0 |   0.0
        D:3 |      53 |       0 |   0.0 |      10 |       0 |   0.0
        D:4 |     466 |     245 |  34.5 |      30 |      13 |  30.2
        D:5 |    1073 |    1594 |  59.8 |      26 |      18 |  40.9
        D:6 |     944 |     910 |  49.1 |      20 |      15 |  42.9
        D:7 |     932 |       0 |   0.0 |      14 |       0 |   0.0
        D:8 |    1901 |     435 |  18.6 |      20 |       7 |  25.9
        D:9 |    2941 |       0 |   0.0 |      18 |       0 |   0.0
       D:10 |    1943 |       0 |   0.0 |      18 |       0 |   0.0
       D:11 |       0 |     214 | 100.0 |       0 |       3 | 100.0
            +---------+---------+-------+---------+---------+-------
